 Dungeon Crawl Stone Soup version 0.28.0-1-gb440e238dd (webtiles) character file.

Game seed: 2269953948296649604

679 themarg the Cudgeller (level 7, 0/60 HPs)
             Began as a Gnoll Wanderer on Feb 22, 2022.
             Slain by a scorpion (7 damage)
             ... on level 5 of the Dungeon.
             The game lasted 00:12:04 (4432 turns).

themarg the Cudgeller (Gnoll Wanderer)              Turns: 4432, Time: 00:12:04

Health: 0/60       AC: 11    Str: 15    XL:     7   Next: 60%
Magic:  10/10      EV: 10    Int: 11    God:
Gold:   63         SH:  0    Dex: 10    Spells: 11/11 levels left

rFire   . . .      SeeInvis .   i - +3 dagger (vamp)
rCold   . . .      Faith    .   (no shield)
rNeg    . . .      Spirit   .   d - +0 scale mail
rPois   .          Reflect  .   (no helmet)
rElec   .          Harm     .   (no cloak)
rCorr   .          Rampage  .   y - +0 pair of gloves
Will    .....                   o - +2 pair of boots
Stlth   +.........              (no amulet)
HPRegen 0.20/turn               (no ring)
MPRegen 0.12/turn               (no ring)

@: lethally poisoned (0 -> -14), hasted, very quick
A: fangs 1, strong nose, distributed training
a: no special abilities


You were on level 5 of the Dungeon.
You visited 1 branch of the dungeon, and saw 5 of its levels.

You collected 63 gold pieces.

Inventory:

Hand Weapons
 a - a +0 flail
 b - a +0 shortbow
 i - a +3 vampiric dagger (weapon)
 v - a +2 flail of holy wrath
Missiles
 c - 58 arrows
Armour
 d - a +0 scale mail (worn)
 o - a +2 pair of boots (worn)
 y - a +0 pair of gloves (worn)
Jewellery
 t - an amulet of faith
 u - a ring of magical power
Wands
 r - a wand of polymorph (7)
Scrolls
 e - a scroll of blinking
 g - a scroll of vulnerability
 j - a scroll of immolation {unknown}
 k - 4 scrolls of enchant weapon
 l - a scroll of magic mapping {unknown}
 m - 2 scrolls of teleportation {unknown}
 n - a scroll of brand weapon {unknown}
 p - a scroll of torment {unknown}
 s - a scroll of fog {unknown}
Potions
 f - a potion of heal wounds {unknown}
 h - 2 potions of haste
 q - a potion of lignification {unknown}
 w - a potion of curing {unknown}
 x - a potion of degeneration {unknown}
 z - a potion of might {unknown}


   Skills:
 + Level 7.1 Fighting
 + Level 2.6 Short Blades
 + Level 2.6 Long Blades
 + Level 2.6 Axes
 + Level 7.1 Maces & Flails
 + Level 2.6 Polearms
 + Level 2.6 Staves
 + Level 2.6 Slings
 + Level 3.7 Bows
 + Level 2.6 Crossbows
 + Level 2.6 Throwing
 + Level 3.7 Armour
 + Level 2.6 Dodging
 + Level 3.5 Stealth
 + Level 2.6 Shields
 + Level 2.6 Unarmed Combat
 + Level 2.6 Spellcasting
 + Level 2.1 Conjurations
 + Level 2.1 Hexes
 + Level 2.1 Summonings
 + Level 2.1 Necromancy
 + Level 2.1 Translocations
 + Level 2.1 Transmutations
 + Level 2.1 Fire Magic
 + Level 2.1 Ice Magic
 + Level 2.1 Air Magic
 + Level 2.1 Earth Magic
 + Level 2.1 Poison Magic
 + Level 2.9 Invocations
 + Level 3.7 Evocations


You had 11 spell levels left.
You didn't know any spells.
Your spell library contained the following spells:

 Spells                   Type           Power      Damage    Failure   Level
 Foxfire                  Conj/Fire      24%        2x1d5     38%         1
 Pain                     Necr           24%        1d5       38%         1
 Conjure Flame            Conj/Fire      6%         6-21      77%         3
 Inner Flame              Hex/Fire       6%         N/A       77%         3
 Flame Wave               Conj/Fire      6%         2d5       99%         4
 Agony                    Necr           6%         N/A       100%        5
 Excruciating Wounds      Necr           3%         N/A       100%        5


Dungeon Overview and Level Annotations

Branches:
Dungeon (5/15)
 Temple: D:4-7

Altars:
Trog
Xom


Innate Abilities, Weirdness & Mutations

You have very sharp teeth.
Your uncanny sense of smell can sniff out nearby items.
Your experience applies equally to all skills.


Message History

The scorpion is severely wounded.
You feel sick. The scorpion closely misses you.
You hit the scorpion. Your bite misses the scorpion.
The scorpion is severely wounded.
You feel sick. The scorpion stings you.
You hit the scorpion.
You feel better.
The scorpion is severely wounded.
You feel sick. The scorpion stings you!
You are more poisoned.
The scorpion poisons you!
You hit the scorpion but do no damage.
The scorpion is severely wounded.
You feel very sick.
The scorpion stings you but does no damage.
You hit the scorpion but do no damage.
You bite the scorpion, but do no damage.
The scorpion is severely wounded.
You feel very sick. The scorpion barely misses you.
You hit the scorpion but do no damage.
The scorpion is severely wounded.
You feel very sick.
The scorpion stings you but does no damage.
You hit the scorpion but do no damage.
The scorpion is severely wounded.
You feel sick.
The scorpion stings you but does no damage.
You closely miss the scorpion.
The scorpion is severely wounded.
You feel sick. The scorpion barely misses you.
You hit the scorpion but do no damage.
The scorpion is severely wounded.
You feel sick. The scorpion stings you.
* * * LOW HITPOINT WARNING * * *
It was a potion of haste.
You feel yourself speed up.
You feel sick. The scorpion stings you.
* * * LOW HITPOINT WARNING * * *
You are lethally poisoned!
The scorpion poisons you! The scorpion stings you!
You die...

### #.. ##∆##.## ∆ .
... ##.#. #.
#.#......
#.##@s....#
#...####### ###.#
####.#### #.......#
#.##.##.#######
#.##.##.#.....#
..####....##.#.....#
8.......####.#.....#


You could see a scorpion.

Vanquished Creatures
  Sigmund (D:3)
  An ogre (D:4)
  A scorpion (D:5)
  2 orc priests
  Terence (D:3)
  Jessica (D:3)
  Ijyb (D:4)
  An orc wizard (D:4)
  A hound skeleton (D:4)
  4 adders
  7 gnolls
  2 ufetubi
  2 dart slugs (D:1)
  7 orcs
  8 endoplasms
  3 giant cockroaches
  14 goblins
  3 hobgoblins (D:1)
  3 jackals (D:3)
  2 quokkas
  6 ball pythons
  7 bats
  2 frilled lizards (D:1)
  4 kobolds
  7 rats
91 creatures vanquished.

Notes
Turn   | Place    | Note
-------+----------+-------------------------------------------
     0 | D:1      | themarg the Gnoll Wanderer began the quest for the Orb.
     0 | D:1      | themarg set off with the following items: a +0 flail, a +0
                  | shortbow, 24 arrows, a +0 scale mail
     0 | D:1      | Reached XP level 1. HP: 23/23 MP: 1/1
   139 | D:1      | Reached XP level 2. HP: 21/29 MP: 2/2
   608 | D:1      | Reached XP level 3. HP: 35/35 MP: 3/3
   886 | D:1      | Reached skill level 1 in Invocations
  1102 | D:2      | Reached skill level 1 in Short Blades
  1102 | D:2      | Reached skill level 1 in Long Blades
  1102 | D:2      | Reached skill level 1 in Axes
  1102 | D:2      | Reached skill level 1 in Polearms
  1102 | D:2      | Reached skill level 1 in Staves
  1102 | D:2      | Reached skill level 1 in Slings
  1102 | D:2      | Reached skill level 1 in Crossbows
  1102 | D:2      | Reached skill level 1 in Throwing
  1102 | D:2      | Reached skill level 1 in Dodging
  1102 | D:2      | Reached skill level 1 in Shields
  1102 | D:2      | Reached skill level 1 in Unarmed Combat
  1102 | D:2      | Reached skill level 1 in Spellcasting
  1241 | D:2      | Found a shimmering altar of Xom.
  1693 | D:3      | Noticed Jessica
  1742 | D:3      | Reached XP level 4. HP: 41/41 MP: 5/5
  1750 | D:3      | Reached skill level 1 in Conjurations
  1750 | D:3      | Reached skill level 1 in Hexes
  1750 | D:3      | Reached skill level 1 in Summonings
  1750 | D:3      | Reached skill level 1 in Necromancy
  1750 | D:3      | Reached skill level 1 in Translocations
  1750 | D:3      | Reached skill level 1 in Transmutations
  1750 | D:3      | Reached skill level 1 in Fire Magic
  1750 | D:3      | Reached skill level 1 in Ice Magic
  1750 | D:3      | Reached skill level 1 in Air Magic
  1750 | D:3      | Reached skill level 1 in Earth Magic
  1750 | D:3      | Reached skill level 1 in Poison Magic
  2070 | D:3      | Killed Jessica
  2071 | D:3      | Reached XP level 5. HP: 40/47 MP: 5/7
  2131 | D:3      | Noticed Sigmund
  2137 | D:3      | Killed Sigmund
  2138 | D:3      | Reached XP level 6. HP: 27/53 MP: 8/8
  2798 | D:3      | Noticed Terence
  2810 | D:3      | Killed Terence
  3169 | D:4      | Reached XP level 7. HP: 54/59 MP: 10/10
  3266 | D:4      | Noticed Ijyb
  3284 | D:4      | Killed Ijyb
  3975 | D:4      | Found a bloodstained altar of Trog.
  4157 | D:5      | Entered Level 5 of the Dungeon
  4432 | D:5      | Slain by a scorpion

Illustrated notes

Levels and vault maps discovered:
D:1:      shiori_arrival_maze, layout_loops_ring
D:2:      layout_basic, basic_altar
D:3:      layout_rooms, wad_rectangle_vault, uniq_sigmund, uniq_terence,
          uniq_jessica
D:4:      layout_basic, lightli_temple_of_fire, uniq_ijyb
D:5:      layout_loops_cross, lemuel_temple_firewalk_b, feat_on_display,
          uniq_duvessa

Skill      XL: |  1  2  3  4  5  6  7 |
---------------+----------------------+-----
Invocations    | 1 2 |  2.9
Short Blades   | 1 2 |  2.6
Long Blades    | 1 2 |  2.6
Axes           | 1 2 |  2.6
Polearms       | 1 2 |  2.6
Staves         | 1 2 |  2.6
Slings         | 1 2 |  2.6
Crossbows      | 1 2 |  2.6
Throwing       | 1 2 |  2.6
Dodging        | 1 2 |  2.6
Shields        | 1 2 |  2.6
Unarmed Combat | 1 2 |  2.6
Spellcasting   | 1 2 |  2.6
Conjurations   | 1 2 |  2.1
Hexes          | 1 2 |  2.1
Summonings     | 1 2 |  2.1
Necromancy     | 1 2 |  2.1
Translocations | 1 2 |  2.1
Transmutations | 1 2 |  2.1
Fire Magic     | 1 2 |  2.1
Ice Magic      | 1 2 |  2.1
Air Magic      | 1 2 |  2.1
Earth Magic    | 1 2 |  2.1
Poison Magic   | 1 2 |  2.1
Bows           | 3 |  3.7
Armour         | 3 |  3.7
Stealth        | 3 |  3.5
Evocations     | 3 |  3.7
Fighting       | 7 |  7.1
Maces & Flails | 7 |  7.1

Action                   |  1- 3 |  4- 6 |  7- 9 || total
-------------------------+-------+-------+-------++-------
Melee: Flail             |    87 |    87 |       ||   174
       Bite              |     5 |     5 |    15 ||    25
       Punch             |     1 |     3 |     6 ||    10
       Dagger            |       |     8 |   160 ||   168
       Unarmed           |       |       |     3 ||     3
  Use: Scroll            |       |     2 |     1 ||     3
       Potion            |       |       |     1 ||     1
Armor: Scale mail        |    42 |    55 |    84 ||   181
Dodge: Dodged            |    47 |    83 |    73 ||   203
